 Dungeon Crawl Stone Soup version 0.31-a0-210-gccc998df9b (webtiles) character file.

Game seed: 10150685787156515209

221 qw the Shooter (level 5, -4/32 HPs)
             Began as a Gargoyle Hexslinger on June 29, 2023.
             Slain by a sun demon (8 damage)
             ... on level 1 of the Abyss.
             The game lasted 00:00:59 (2607 turns).

qw the Shooter (Gargoyle Hexslinger)                Turns: 2607, Time: 00:01:00

Health: -4/32      AC: 10    Str: 11    XL:     5   Next: 98%
Magic:  6/6        EV: 12    Int: 14    God:
Gold:   159        SH:  0    Dex: 14    Spells: 5/6 levels left

rFire   + . .        Y - +1 sling (drain)
rCold   . . .        (no shield)
rNeg    + . .        h - +4 robe of Complete Protection {rF+}
rPois   inf          (no helmet)
rElec   +            (no cloak)
rCorr   .            (no gloves)
SInv    .            (no boots)
Will    .....        (no amulet)
Stlth   +            (no ring)
HPRegen 0.25/turn    (no ring)
MPRegen 0.10/turn

%: no passive effects
@: no status effects
A: sickness immunity, AC +4, negative energy resistance 1, electricity
resistance, torment resistance 1, petrification resistance
a: no special abilities


You were on level 1 of the Abyss.
You visited 1 branch of the dungeon, and saw 4 of its levels.
You visited the Abyss 1 time.

You collected 159 gold pieces.


Innate Abilities, Weirdness & Mutations

You are immune to sickness and miasma.
Your stone body is resilient. (AC +4)
You are immune to poison.
You resist negative energy. (rN+)
You are resistant to electric shocks. (rElec)
You are resistant to unholy torment.
You are immune to petrification.


   Skills:
 - Level 3.0 Fighting
 + Level 5.3 Ranged Weapons
 - Level 1.5 Dodging
 - Level 1.0 Spellcasting
 - Level 2.6 Hexes


You had 5 spell levels left.
You knew the following spells:

 Your Spells              Type           Power      Damage    Failure   Level
a - Slow                  Hex            32%        N/A       9%          1

Your spell library contained the following spells:

 Spells                   Type           Power      Damage    Failure   Level
 Inner Flame              Hex/Fire       4%         N/A       41%         3
 Portal Projectile        Hex/Tloc       8%         N/A       41%         3
 Cause Fear               Hex            4%         N/A       65%         4

Inventory:

Hand Weapons
 Y - a +1 sling of draining (weapon)
Armour
 h - the +4 robe of Complete Protection (worn) {rF+}
   (You found it on level 2 of the Dungeon)

   rF:        It protects you from fire.
Scrolls
 b - a scroll of teleportation
 f - a scroll of identify
Potions
 a - a potion of invisibility {unknown}
 c - a potion of brilliance {unknown}
 d - 2 potions of haste
 e - a potion of might {unknown}
 g - 2 potions of curing
 i - a potion of mutation {unknown}

Dungeon Overview and Level Annotations

Branches:
Dungeon (4/15)
 Temple: D:4-7

Altars:
Kikubaaqudgha
Nemelex Xobeh
Zin


Message History

The small abomination closely misses you.
You shoot a sling bullet.
The sling bullet barely misses the small abomination.
The small abomination hits you. x2
2567 ||| READING 2 scrolls of teleportation.
As you read the scroll of teleportation, it crumbles to dust.
You feel strangely unstable.
You feel the power of the Abyss delaying your translocation!
The small abomination closely misses you.
You shoot a sling bullet.
The sling bullet hits the small abomination.
The small abomination is severely damaged.
The small abomination hits you but does no damage.
You shoot a sling bullet.
The sling bullet hits the small abomination but does no damage.
The small abomination is severely damaged.
The small abomination barely misses you.
You shoot a sling bullet.
The sling bullet hits the small abomination.
The small abomination is almost destroyed.
The small abomination hits you.
You shoot a sling bullet.
The sling bullet hits the small abomination but does no damage.
The small abomination is almost destroyed.
You are suddenly pulled into a different region of the Abyss!
Waypoint 4 assigned to Abyss:1.
You start resting.
You are suddenly pulled into a different region of the Abyss!
Waypoint 4 assigned to Abyss:1.
You start resting.
A sun demon comes into view.
You shoot a sling bullet.
The sling bullet barely misses the sun demon.
The sun demon shouts!
You shoot a sling bullet.
The sling bullet hits the sun demon but does no damage.
You shoot a sling bullet.
The sling bullet hits the sun demon but does no damage.
The sun demon hits you!
You are engulfed in flames!
You resist.
You die...

#. #. #. #
#. ####.
#. ....
#.#..#
#....###.#
#.@.......
#3#.####.#
... ...
#... .#.#
#.#. .#.#
..#. .# #
.# #. .#
.. #. .#


You could see a sun demon.

Vanquished Creatures
  An ogre (D:3)
  Jessica (D:2)
  An orc wizard (D:4)
  An adder (D:2)
  A white imp (Abyss:1)
  A worm (D:4)
  4 orcs
  A bat (D:1)
  3 endoplasms
  2 giant cockroaches
  11 goblins
  2 hobgoblins
  8 jackals
  3 quokkas
  5 ball pythons
  3 frilled lizards
  6 kobolds
  7 rats (D:1)
61 creatures vanquished.

Notes
Turn   | Place    | Note
-------+----------+-------------------------------------------
     0 | D:1      | qw the Gargoyle Hexslinger began the quest for the Orb.
     0 | D:1      | Reached XP level 1. HP: 12/12 MP: 2/2
     0 | D:1      | 0 ||| qw: Version: 0.3-a-24-ga2abf7b
     0 | D:1      | 0 ||| qw: Game counter: 7017
     0 | D:1      | 0 ||| qw: Melee chars always use a shield: true
     0 | D:1      | 0 ||| qw: God list: Okawaru
     0 | D:1      | 0 ||| qw: Allow faded altars: false
     0 | D:1      | 0 ||| qw: Do Orc after clearing Dungeon:15 true
     0 | D:1      | 0 ||| qw: Do second Lair branch before Depths: true
     0 | D:1      | 0 ||| qw: Lair rune preference: random
     0 | D:1      | 0 ||| qw: Goals: Normal
     0 | D:1      | 0 ||| PLANNING D:1-11
   182 | D:1      | Found a faded altar of an unknown god.
   184 | D:1      | Reached XP level 2. HP: 16/16 MP: 3/3
   328 | D:1      | Reached skill level 3 in Ranged Weapons
   743 | D:1      | 743 ||| UPGRADING to +0 leather armour.
   753 | D:1      | 753 ||| DROPPING +0 robe.
   754 | D:1      | 754 ||| UPGRADING to +0 ring mail.
   764 | D:1      | 764 ||| DROPPING +0 leather armour.
   765 | D:1      | 765 ||| READING 2 scrolls labelled WOKKEAMUYSM.
   766 | D:1      | 766 ||| READING scroll labelled JASOEC TO XON.
   769 | D:1      | 769 ||| READING scroll labelled XUCEUN QENAIT.
   770 | D:1      | 770 ||| DRINKING 2 amethyst potions.
   771 | D:1      | 771 ||| DRINKING 2 cyan potions.
   772 | D:1      | 772 ||| DROPPING scroll of blinking.
   773 | D:1      | 773 ||| DROPPING scroll of poison.
   807 | D:2      | Reached XP level 3. HP: 21/21 MP: 4/4
  1148 | D:2      | Noticed Jessica
  1150 | D:2      | Killed Jessica
  1151 | D:2      | Reached skill level 4 in Ranged Weapons
  1151 | D:2      | Reached XP level 4. HP: 26/26 MP: 5/5
  1155 | D:2      | Identified the +4 robe of Complete Protection {rF+}
  1357 | D:2      | 1357 ||| UPGRADING to +4 robe of Complete Protection {rF+}.
  1367 | D:2      | 1367 ||| DROPPING +0 ring mail.
  1368 | D:2      | 1368 ||| READING 2 scrolls labelled YHUKLE XUNIOXU.
  1369 | D:2      | 1369 ||| READING scroll labelled WIMYSMOMEO.
  1370 | D:2      | 1370 ||| READING scroll labelled CUSUOM MUIHOWA.
  1417 | D:3      | Found an ancient bone altar of Kikubaaqudgha.
  1452 | D:3      | Noticed an ogre
  1457 | D:3      | Killed an ogre
  1458 | D:3      | Reached skill level 5 in Ranged Weapons
  1458 | D:3      | Reached XP level 5. HP: 30/30 MP: 6/6
  1576 | D:3      | Found a sparkling altar of Nemelex Xobeh.
  1672 | D:3      | Found a glowing silver altar of Zin.
  2317 | D:3      | 2317 ||| READING scroll labelled DODYCIEMMU.
  2339 | D:3      | 2339 ||| READING scroll labelled NAOJOIMIAT.
  2451 | D:4      | 2451 ||| DRINKING 3 potions of curing.
  2451 | D:4      | 2451 ||| (to cure confusion)
  2455 | D:4      | Reached skill level 3 in Fighting
  2496 | Abyss:1  | Cast into level 1 of the Abyss (kobold)
  2554 | Abyss:1  | Noticed a small abomination
  2566 | Abyss:1  | HP: 6/32 [small abomination (3)]
  2567 | Abyss:1  | 2567 ||| READING 2 scrolls of teleportation.
  2604 | Abyss:1  | Noticed a sun demon
  2607 | Abyss:1  | HP: 4/32 [sun demon (9)]
  2607 | Abyss:1  | Slain by a sun demon

Levels and vault maps discovered:
D:1:      dpeg_arrival_ratfight, layout_basic,
          ebering_ecumenical_altar_sacrificial
D:2:      minmay_general_purpose_star, layout_rooms, hex_tiny,
          kennysheep_another_room, uniq_jessica
D:3:      layout_loops_corners, mainiacjoe_overflow_tiny_flanked,
          nemelex_spade_bored_becter, marbit_many_paths,
          serial_co_window_serial, co_window_paths_b, co_window_paths_a,
          co_window_cross_1, co_window_corner_a, co_window_corner_a,
          co_window_paths_b, co_window_paths_a, co_window_corner_b,
          co_window_corner_b, co_window_broadway_a, glass_columns_a,
          glass_columns_a
D:4:      layout_rooms, serial_shops, nicolae_shop_industrial_runoff,
          kennysheep_small_spiral, minmay_quadrilaterals
Abyss:1:  base:
D:1

Skill      XL: |  1  2  3  4  5 |
---------------+----------------+-----
Ranged Weapons | 3 4 5 |  5.3
Fighting       | 2 3 |  3.0
Dodging        | |  1.5
Spellcasting   | |  1.0
Hexes          | |  2.6

Action                     |  1- 3 |  4- 6 || total
---------------------------+-------+-------++-------
   Fire: Sling             |   128 |    90 ||   218
    Use: Scroll            |     3 |     6 ||     9
         Potion            |     2 |     1 ||     3
 Armour: Robe              |     3 |    15 ||    18
         Ring mail         |    61 |       ||    61
  Dodge: Dodged            |    66 |    24 ||    90

Table legend:
 A = Non-vault XP
 B = Vault XP
 C = Vault XP percentage of total XP
 D = Non-vault monster count
 E = Vault monster count
 F = Vault count percentage of total count
                 A         B        C        D         E       F
            +---------+---------+-------+---------+---------+-------
      Total |     267 |      49 |  15.5 |      51 |      10 |  16.4
            +---------+---------+-------+---------+---------+-------
        D:1 |      22 |       5 |  18.5 |      15 |       5 |  25.0
        D:2 |      41 |      41 |  50.0 |      16 |       3 |  15.8
        D:3 |     136 |       2 |   1.4 |       9 |       1 |  10.0
        D:4 |      58 |       1 |   1.7 |      10 |       1 |   9.1
    Abyss:1 |      10 |       0 |   0.0 |       1 |       0 |   0.0
            +---------+---------+-------+---------+---------+-------
